 Dungeon Crawl Stone Soup version 0.29-a0-251-g80730f7218 (webtiles) character file.

Game seed: 16696512684165403856

7 dolemite99 the Caller (level 2, 0/19 HPs)
             Began as a Gnoll Summoner on Mar 5, 2022.
             Slain by a ball python (2 damage)
             ... on level 1 of the Dungeon.
             The game lasted 00:01:02 (440 turns).

dolemite99 the Caller (Gnoll Summoner)               Turns: 440, Time: 00:01:03

Health: 0/19       AC:  2    Str:  7    XL:     2   Next: 0%
Magic:  4/7        EV: 13    Int: 14    God:
Gold:   59         SH:  0    Dex: 12    Spells: 9/10 levels left

rFire   . . .      SeeInvis .   f - +0 dagger
rCold   . . .      Faith    .   (no shield)
rNeg    . . .      Spirit   .   a - +0 robe
rPois   .          Reflect  .   (no helmet)
rElec   .          Harm     .   (no cloak)
rCorr   .          Rampage  .   (no gloves)
Will    .....                   (no boots)
Stlth   ++........              (no amulet)
HPRegen 0.06/turn               (no ring)
MPRegen 0.10/turn               (no ring)

@: no status effects
A: fangs 1, strong nose, distributed training
a: no special abilities


You were on level 1 of the Dungeon.
You visited 1 branch of the dungeon, and saw 1 of its levels.

You collected 59 gold pieces.

Inventory:

Hand Weapons
 f - a +0 dagger (weapon)
 g - a +0 whip
Armour
 a - a +0 robe (worn)
 e - a +0 ring mail
Scrolls
 b - a scroll of enchant weapon {unknown}
 c - 3 scrolls of brand weapon {unknown}
 d - a scroll of identify {unknown}


   Skills:
 + Level 0.2 Fighting
 + Level 0.2 Short Blades
 + Level 0.2 Long Blades
 + Level 0.2 Axes
 + Level 0.2 Maces & Flails
 + Level 0.2 Polearms
 + Level 0.2 Staves
 + Level 0.2 Slings
 + Level 0.2 Bows
 + Level 0.2 Crossbows
 + Level 0.2 Throwing
 + Level 0.2 Armour
 + Level 4.4 Dodging
 + Level 4.0 Stealth
 + Level 0.2 Shields
 + Level 0.2 Unarmed Combat
 + Level 4.9 Spellcasting
 + Level 0.1 Conjurations
 + Level 0.1 Hexes
 + Level 7.0 Summonings
 + Level 0.1 Necromancy
 + Level 0.1 Translocations
 + Level 0.1 Transmutations
 + Level 0.1 Fire Magic
 + Level 0.1 Ice Magic
 + Level 0.1 Air Magic
 + Level 0.1 Earth Magic
 + Level 0.1 Poison Magic
 + Level 0.3 Invocations
 + Level 0.2 Evocations


You had 9 spell levels left.
You knew the following spells:

 Your Spells              Type           Power      Damage    Failure   Level
a - Summon Small Mammal   Summ           92%        N/A       1%          1

Your spell library contained the following spells:

 Spells                   Type           Power      Damage    Failure   Level
 Call Imp                 Summ           23%        N/A       1%          2
 Call Canine Familiar     Summ           23%        N/A       3%          3
 Summon Guardian Golem    Hex/Summ       13%        N/A       12%         3
 Summon Lightning Spire   Summ/Air       13%        N/A       36%         4


Dungeon Overview and Level Annotations

Branches:
Dungeon (1/15)

Altars:


Innate Abilities, Weirdness & Mutations

You have very sharp teeth.
Your uncanny sense of smell can sniff out nearby items.
Your experience applies equally to all skills.


Message History

Your bat barely misses the quokka.
Your bat closely misses the giant cockroach.
The quokka completely misses your bat.
Your quokka bites the giant cockroach.
The giant cockroach barely misses your bat.
Your bat misses the ball python.
The quokka twitches its whiskers.
The quokka bites your bat.
Your bat completely misses the quokka.
Your bat barely misses the giant cockroach.
Your quokka bites the giant cockroach.
The giant cockroach dies!
You have reached level 2!
Your bat closely misses the quokka.
Your bat closely misses the quokka.
The quokka bites your bat.
Your bat dies!
Your bat's corpse disappears in a puff of smoke!
Your quokka barely misses the quokka.
The ball python misses you. The ball python closely misses you.
The ball python barely misses you. The ball python grabs you.
The ball python constricts you.
Casting: Summon Small Mammal (safe; 1% risk of failure)
Confirm with . or Enter, or press ? or * to list all spells.
The ball python bites you but does no damage.
The ball python constricts you.
* * * LOW HITPOINT WARNING * * *
The ball python misses you. The ball python constricts you.
You escape the ball python's grasp.
You swap places.
The ball python bites your rat.
Your rat dies!
Your rat's corpse disappears in a puff of smoke!
Your quokka completely misses the quokka.
Your quokka disappears in a puff of smoke!
Casting: Summon Small Mammal (safe; 1% risk of failure)
Confirm with . or Enter, or press ? or * to list all spells.
The ball python bites you but does no damage.
The ball python barely misses you. The ball python misses you.
The ball python closely misses you. The ball python bites you.
You die...

#.##### #########
#...... #.......#
#..###. #.#####.#
#..###. #####.#####.#
#......
#........##.######.###.
#.###.##.............#.
#.# #.#####.###.#......
########.#
#r@Sr...###.#.##.##
#........#
#####..........#.#
#.#####..#
#.#####....#.#
#.#####..#######.#
#....#.#
#.##.....##......#
#......#
#.##.##.###..[...#
###.r#### #.......#
#......# #......ยง
#.).....# #......#
#....... #.##.##.#
#......# #.#.#...


You could see a quokka, a ball python (ally target) and a friendly quokka
(summoned).

Vanquished Creatures
  A quokka (D:1)
1 creature vanquished.

Vanquished Creatures (collateral kills)
  An endoplasm (D:1)
  A giant cockroach (D:1)
  A ball python (D:1)
  2 kobolds (D:1)
  A rat (D:1)
6 creatures vanquished.

Grand Total: 7 creatures vanquished

Notes
Turn   | Place    | Note
-------+----------+-------------------------------------------
     0 | D:1      | dolemite99 the Gnoll Summoner began the quest for the Orb.
     0 | D:1      | Reached XP level 1. HP: 13/13 MP: 6/6
    15 | D:1      | Noticed an electric eel
   422 | D:1      | Reached XP level 2. HP: 2/19 MP: 5/7
   440 | D:1      | Slain by a ball python

Illustrated notes

Levels and vault maps discovered:
D:1:      arrival_aquarium_a, layout_loops_cross

Action                   || total
-------------------------++-------
Melee: Dagger            ||     5
 Cast: Summon Small Mamm ||    14
Armor: Robe              ||     3
Dodge: Dodged            ||    24

Table legend: (Time is in decaauts)
 A = Elapsed time spent in this place.
 B = Non-inter-level travel time spent in this place.
 C = Inter-level travel time spent in this place.
 D = Time resting spent in this place.
 E = Time spent auto-exploring this place.
 F = Levels seen in this place.
 G = Mean time per level.
                   A        B        C        D        E       F      G
               +--------+--------+--------+--------+--------+-----+--------+
         Total |    439 |    439 |      0 |     13 |    238 |   1 |  439.0 |
       Dungeon |    439 |    439 |      0 |     13 |    238 |   1 |  439.0 |
               +--------+--------+--------+--------+--------+-----+--------+

Top non-repeatable levels by time:
     D:1: 439 daAuts
